[Event "January 9 Early 2024"]
[Site "https://www.chess.com"]
[Date "2024.01.11"]
[Round "3"]
[White "Rasulov, Vugar"]
[Black "Tristan, Leonardo"]
[Result "1-0"]
[Board "217"]
[TimeControl "180+1"]
[WhiteFideId "13402390"]
[BlackFideId "113816"]
[WhiteElo "2985"]
[BlackElo "2732"]
[WhiteTeam "AZE"]
[BlackTeam "ARG"]
[WhiteClock "0:00:08"]
[BlackClock "0:00:01"]

1. d4 d5 2. c4 e6 3. Nc3 a6 4. cxd5 exd5 5. Bf4 Nf6 6. e3 Bd6 7. Be5 c6 8. Nf3 Qe7 9. h3 Nbd7 10. Bxd6 Qxd6 11. Bd3 O-O 12. Qc2 Re8 13. g4 Nf8 14. O-O-O Qe7 15. Ne5 N6d7 16. Nxd7 Bxd7 17. Na4 Rad8 18. Kb1 Bc8 19. Rhg1 Ng6 20. Nc5 Kh8 21. g5 Nh4 22. Rg3 g6 23. Ka1 Nf5 24. Rgg1 Nh4 25. a3 Nf3 26. Rg3 Nh4 27. Ka2 Nf5 28. Rgg1 Nh4 29. Be2 Qd6 30. Bg4 Nf5 31. h4 Qh2 32. Qc3 Qxh4 33. Bxf5 Bxf5 34. Nxb7 Rd7 35. Nc5 Rde7 36. Rd2 Qh2 37. Rc1 Qd6 38. Nxa6 Ra8 39. Nb4 Rea7 40. Qc5 Qd8 41. Nxc6 1-0

[Event "January 9 Early 2024"]
[Site "https://www.chess.com"]
[Date "2024.01.11"]
[Round "3"]
[White "Liascovich, Lucas"]
[Black "Demin, Vladimir"]
[Result "1-0"]
[Board "218"]
[TimeControl "180+1"]
[WhiteFideId "108634"]
[BlackFideId "4167457"]
[WhiteElo "2903"]
[BlackElo "2594"]
[WhiteTeam "ARG"]
[BlackTeam "RUS"]
[WhiteClock "0:00:29"]
[BlackClock "0:00:01"]

1. e4 e5 2. Nf3 Nc6 3. d4 exd4 4. Nxd4 Nf6 5. Nc3 Bb4 6. Nxc6 bxc6 7. Bd2 O-O 8. Bd3 d5 9. O-O Re8 10. Nxd5 Nxd5 11. exd5 Bxd2 12. Qxd2 cxd5 13. b4 c6 14. Qc3 Qd6 15. Qd4 Bd7 16. a4 a5 17. c3 Qf6 18. Qc5 Qe7 19. Qd4 Qf6 20. Qxf6 gxf6 21. Rfb1 Reb8 22. f4 h6 23. Kf2 d4 24. cxd4 Rxb4 25. Rxb4 axb4 26. a5 Bc8 27. Ke2 b3 28. Kd2 b2 29. Ra4 Ba6 30. Bb1 Bb5 31. Ra3 Ba6 32. Kc3 Re8 33. Kxb2 Re2+ 34. Kc1 Re1+ 35. Kb2 Re2+ 36. Kc3 Rxg2 37. Bd3 Bxd3 38. Kxd3 Rxh2 39. Ke4 Re2+ 40. Kf5 Kg7 41. a6 Re8 42. Rg3+ Kf8 43. Kxf6 Ra8 44. Ra3 Ra7 45. f5 Kg8 46. Ke5 1-0

[Event "January 9 Early 2024"]
[Site "https://www.chess.com"]
[Date "2024.01.11"]
[Round "3"]
[White "Petrukhina, Olga"]
[Black "Feuerstack, Aljoscha"]
[Result "0-1"]
[Board "219"]
[TimeControl "180+1"]
[WhiteFideId "13703935"]
[BlackFideId "4681932"]
[WhiteElo "2292"]
[BlackElo "2615"]
[WhiteTeam "KAZ"]
[BlackTeam "GER"]
[WhiteClock "0:00:03"]
[BlackClock "0:00:17"]

1. d4 d5 2. c4 c6 3. Nf3 Nf6 4. Nc3 g6 5. g3 Bg7 6. Bg2 O-O 7. Qb3 e6 8. O-O a5 9. Bf4 a4 10. Nxa4 dxc4 11. Qc2 Nd5 12. Bd2 b5 13. Nc3 Bb7 14. a3 Nd7 15. e4 Nc7 16. Bf4 e5 17. Nxe5 Ne6 18. Nf3 Nxd4 19. Nxd4 Bxd4 20. Rad1 Nc5 21. Ne2 Nd3 22. Nxd4 Qxd4 23. Rb1 c5 24. Be3 Qe5 25. f3 Rfd8 26. Rfd1 Rd7 27. Bf1 Rad8 28. b3 cxb3 29. Qxb3 c4 30. Qxb5 Qxb5 31. Rxb5 Bc6 32. Rb6 Ba4 33. Rd2 Ne5 34. Rxd7 Rxd7 35. Bh6 Rd8 36. Bxc4 Nxc4 37. Rb4 Ne5 38. Rxa4 Nxf3+ 39. Kf2 Ne5 40. Ke3 Ng4+ 41. Kf4 Nxh6 42. Ra7 f6 43. a4 Nf7 44. a5 Rd2 45. h4 Ra2 46. g4 Ra3 47. h5 Ne5 48. g5 Rf3# 0-1

[Event "January 9 Early 2024"]
[Site "https://www.chess.com"]
[Date "2024.01.11"]
[Round "3"]
[White "Rakhmatullaev, Almas"]
[Black "Mortazavi, Ali"]
[Result "1-0"]
[Board "220"]
[TimeControl "180+1"]
[WhiteFideId "14205793"]
[BlackFideId "401323"]
[WhiteElo "2828"]
[BlackElo "2552"]
[WhiteTeam "UZB"]
[BlackTeam "ENG"]
[WhiteClock "0:00:13"]
[BlackClock "0:00:08"]

1. e4 c6 2. d4 d5 3. exd5 cxd5 4. c4 Nf6 5. Nc3 g6 6. Nf3 Bg7 7. cxd5 Nxd5 8. Bc4 Nb6 9. Bb3 O-O 10. h3 Nc6 11. Be3 Nb4 12. O-O N4d5 13. Rc1 Bf5 14. Re1 Nxe3 15. fxe3 Rc8 16. e4 Bd7 17. e5 e6 18. Qd2 Bc6 19. Ng5 Nd5 20. Nce4 h6 21. Nf3 Rc7 22. Bxd5 Bxd5 23. Rxc7 Qxc7 24. Nf6+ Kh8 25. Nxd5 exd5 26. Rc1 Qb6 27. Rc5 Rd8 28. Qc2 Bf8 29. Rc3 Kg7 30. Rc7 Re8 31. Kh1 Re6 32. a3 Rc6 33. Rxc6 bxc6 34. e6 fxe6 35. Ne5 Kh8 36. Qxg6 Bg7 37. Nf7+ Kg8 38. Nxh6+ Kh8 39. Nf7+ Kg8 40. Ng5 Qxd4 41. Qf7+ Kh8 42. Qe8+ 1-0

[Event "January 9 Early 2024"]
[Site "https://www.chess.com"]
[Date "2024.01.11"]
[Round "3"]
[White "Rakitin, Daniil"]
[Black "Kohler, Aran"]
[Result "1-0"]
[Board "221"]
[TimeControl "180+1"]
[WhiteFideId "24219762"]
[BlackFideId "1002856"]
[WhiteElo "2672"]
[BlackElo "2254"]
[WhiteTeam "RUS"]
[BlackTeam "NED"]
[WhiteClock "0:00:08"]
[BlackClock "0:00:04"]

1. e4 c6 2. d4 d5 3. e5 c5 4. Nf3 Bg4 5. dxc5 Nc6 6. c3 Bxf3 7. Qxf3 Nxe5 8. Bb5+ Nc6 9. Qe2 Nf6 10. O-O e6 11. b4 a5 12. a3 axb4 13. cxb4 Be7 14. Bb2 O-O 15. Nd2 Qc7 16. Rfe1 Rfe8 17. Nf3 Ne4 18. Ne5 Bf6 19. Nxc6 bxc6 20. Bd3 Bxb2 21. Qxb2 Nf6 22. h3 e5 23. a4 e4 24. Bf1 Reb8 25. Rec1 Nd7 26. b5 cxb5 27. axb5 Rxa1 28. Qxa1 Nxc5 29. Qd4 Ne6 30. Rxc7 Nxd4 31. Rd7 h5 32. Rxd5 Ne6 33. Rxh5 g6 34. Re5 Kg7 35. Rxe4 Kf6 36. Rb4 Nc5 37. Rc4 Nd7 38. Rc6+ Ke5 39. Bc4 f6 40. h4 Nb6 41. Bd3 1-0

[Event "January 9 Early 2024"]
[Site "https://www.chess.com"]
[Date "2024.01.11"]
[Round "3"]
[White "Marn, Jan"]
[Black "Rozum, Ivan"]
[Result "0-1"]
[Board "222"]
[TimeControl "180+1"]
[WhiteFideId "14619245"]
[BlackFideId "24104272"]
[WhiteElo "2460"]
[BlackElo "2690"]
[WhiteTeam "SLO"]
[BlackTeam "RUS"]
[WhiteClock "0:00:01"]
[BlackClock "0:00:10"]

1. b3 d5 2. Bb2 c6 3. e3 Bf5 4. g4 Bg6 5. h4 h5 6. g5 Nd7 7. Bg2 e5 8. d3 Bc5 9. Nd2 Ne7 10. Qe2 a5 11. a3 Qc7 12. Ngf3 O-O-O 13. Bh3 f5 14. d4 Bd6 15. dxe5 Nxe5 16. O-O-O Kb8 17. Nxe5 Bxe5 18. Nf3 Bxb2+ 19. Kxb2 f4 20. exf4 Be4 21. Nd4 Ng6 22. f3 Nxf4 23. Qd2 Bg6 24. Rde1 Rde8 25. Ne6 Nxe6 26. Bxe6 Rhf8 27. Rhf1 Rf4 28. Re3 a4 29. b4 Qd6 30. Rfe1 Rxh4 31. Re5 Rc4 32. f4 Rxc2+ 33. Qxc2 Bxc2 34. Kxc2 g6 35. Kd3 Rf8 36. f5 gxf5 37. Bxf5 Ka7 38. g6 Qf6 39. Kd4 Qg7 40. Bd3 Re8 41. Bf5 h4 42. Re2 Qf6 43. Re3 Rxe5 44. Rxe5 Kb6 0-1

[Event "January 9 Early 2024"]
[Site "https://www.chess.com"]
[Date "2024.01.11"]
[Round "3"]
[White "Principe, Gerson"]
[Black "Travkina, Anastasia"]
[Result "1-0"]
[Board "223"]
[TimeControl "180+1"]
[WhiteFideId "3804550"]
[BlackFideId "24129151"]
[WhiteElo "2649"]
[BlackElo "2440"]
[WhiteTeam "PER"]
[BlackTeam "RUS"]
[WhiteClock "0:00:08"]
[BlackClock "0:00:21"]

1. Nf3 Nf6 2. b3 g6 3. Bb2 Bg7 4. e3 O-O 5. Be2 c5 6. O-O Nc6 7. d4 d6 8. c4 Bf5 9. Nc3 a6 10. Qd2 Qc7 11. Rfd1 Rad8 12. Rac1 Qb8 13. d5 Ne5 14. Nxe5 dxe5 15. f3 e4 16. f4 e6 17. Qc2 exd5 18. Nxd5 Nxd5 19. Rxd5 Bxb2 20. Qxb2 b6 21. Rcd1 Be6 22. R5d2 Qc7 23. Qf6 Rxd2 24. Rxd2 Re8 25. g3 Qe7 26. Qe5 f6 27. Qxe4 Kf7 28. Kf2 Rd8 29. Rxd8 Qxd8 30. Qd3 Qc7 31. Bf3 Bd7 32. Bd5+ Kg7 33. Qe4 b5 34. Qe7+ Kh6 35. Qxf6 bxc4 36. Bxc4 Bb5 37. Qf8+ Kh5 38. Qf7 Qxf7 39. Bxf7 Kg4 40. Be6+ Kh5 41. h3 g5 42. f5 g4 43. h4 Kh6 44. e4 Kg7 45. Ke3 Kf6 46. Kf4 h5 47. e5+ Ke7 48. Bc4 Bd7 49. Bxa6 1-0

[Event "January 9 Early 2024"]
[Site "https://www.chess.com"]
[Date "2024.01.11"]
[Round "3"]
[White "Zheenbekov, Nurgazy"]
[Black "Souleidis, Georgios"]
[Result "1/2-1/2"]
[Board "224"]
[TimeControl "180+1"]
[WhiteFideId "13800485"]
[BlackFideId "4206827"]
[WhiteElo "2459"]
[BlackElo "2646"]
[WhiteTeam "KGZ"]
[BlackTeam "GRE"]
[WhiteClock "0:00:27"]
[BlackClock "0:00:28"]

1. e4 c5 2. Nf3 e6 3. c3 d5 4. exd5 exd5 5. Bb5+ Nc6 6. O-O Bd6 7. Re1+ Ne7 8. d4 O-O 9. dxc5 Bxc5 10. Bd3 Bf5 11. Bxf5 Nxf5 12. Qd3 Qd7 13. Nbd2 Rfe8 14. Nb3 Rxe1+ 15. Nxe1 Bb6 16. Nf3 d4 17. cxd4 Nfxd4 18. Nbxd4 Nxd4 19. Nxd4 Qxd4 20. Qxd4 Bxd4 21. Be3 Bxe3 22. fxe3 Rc8 23. Rd1 Kf8 24. Rd2 Ke7 25. Kf2 Ke6 26. Kf3 Rc1 27. g4 Rf1+ 28. Ke4 Rg1 29. Kf4 f6 30. Rc2 Rb1 31. h4 g6 32. h5 gxh5 33. gxh5 h6 34. a3 a6 35. Rg2 Rh1 36. Rg7 Rxh5 37. Rxb7 Rf5+ 38. Kg3 Rg5+ 39. Kf3 a5 40. Rb6+ Kf7 41. b4 axb4 42. axb4 Rg1 43. b5 Rb1 44. Rb8 h5 45. b6 Kg7 46. Ke4 h4 47. Kf3 Rb4 48. b7 Kh7 49. Kg2 Rb3 50. Kh3 Rxe3+ 51. Kxh4 Rb3 52. Kg4 Rb5 53. Kf4 Kg7 54. Kg4 Kh7 55. Kf4 Kg7 56. Ke4 Rb1 57. Kf4 Rb5 1/2-1/2

[Event "January 9 Early 2024"]
[Site "https://www.chess.com"]
[Date "2024.01.11"]
[Round "3"]
[White "Morales Garcia, Sergio Joshafatt"]
[Black "Girsh, Daniel"]
[Result "0-1"]
[Board "225"]
[TimeControl "180+1"]
[WhiteFideId "5106249"]
[BlackFideId "30949190"]
[WhiteElo "2441"]
[BlackElo "2644"]
[WhiteTeam "MEX"]
[BlackTeam "USA"]
[WhiteClock "0:00:08"]
[BlackClock "0:00:21"]

1. d4 Nf6 2. c4 e6 3. Nf3 Bb4+ 4. Nbd2 O-O 5. a3 Bxd2+ 6. Qxd2 b6 7. e3 Bb7 8. Be2 d5 9. Qc2 Nbd7 10. O-O c5 11. b4 cxd4 12. Nxd4 Rc8 13. Qb3 Ne4 14. Rd1 Qf6 15. f3 Nd6 16. cxd5 Bxd5 17. Qa4 Rc7 18. Bb2 Qh6 19. e4 Bxe4 20. fxe4 Qe3+ 21. Kh1 Nxe4 22. Rf1 Nf2+ 23. Rxf2 Qxf2 24. Qb5 Nf6 25. Qe5 Rd7 26. Rf1 Qh4 27. g3 Qh3 28. Rxf6 Rd5 29. Qf4 e5 30. Qg5 exd4 31. Qxd5 gxf6 32. Qxd4 Qe6 33. Qxf6 Qxf6 34. Bxf6 Re8 35. Bg4 Re3 36. Kg2 Rxa3 37. h4 Rb3 38. Be7 a5 39. bxa5 bxa5 40. Bd7 Rb7 41. Bd8 Rxd7 42. Bxa5 Rd3 43. Kh3 h5 44. Bc7 Kh7 45. Bf4 Kg6 46. Kg2 Kf5 47. Kf2 Kg4 48. Kg2 Ra3 49. Kf2 Rf3+ 50. Kg2 Rxf4 51. gxf4 Kxf4 52. Kh3 Kf3 53. Kh2 Kg4 0-1

[Event "January 9 Early 2024"]
[Site "https://www.chess.com"]
[Date "2024.01.11"]
[Round "3"]
[White "Murzin, Volodar"]
[Black "Domingo Nunez, Alejandro"]
[Result "1-0"]
[Board "226"]
[TimeControl "180+1"]
[WhiteFideId "44155573"]
[BlackFideId "22245561"]
[WhiteElo "2917"]
[BlackElo "2694"]
[WhiteTeam "FID"]
[BlackTeam "ESP"]
[WhiteClock "0:00:07"]
[BlackClock "0:00:03"]

1. d4 g6 2. Nf3 Bg7 3. e4 c6 4. c4 d5 5. cxd5 cxd5 6. e5 Bg4 7. Nbd2 Nc6 8. h3 Bxf3 9. Nxf3 e6 10. Bd2 Nge7 11. h4 Nf5 12. Bc3 Qb6 13. g4 Nfe7 14. h5 h6 15. a4 gxh5 16. a5 Qd8 17. gxh5 a6 18. Bd3 Qd7 19. Rg1 Rg8 20. Bh7 O-O-O 21. Bxg8 Rxg8 22. Qd2 Nf5 23. O-O-O Kb8 24. Kb1 Na7 25. Rg4 Rc8 26. Bb4 Qb5 27. Rdg1 Nc6 28. Bc5 Bxe5 29. Rg8 Bc7 30. Rxc8+ Kxc8 31. Qc2 Bxa5 32. Ne5 Nxe5 33. dxe5 Kd7 34. Rg8 Qc6 35. Rf8 d4 36. Rxf7+ Ke8 37. Rf8+ Kd7 38. Rxf5 exf5 39. Qxf5+ Qe6 40. Qxe6+ Kxe6 41. Bxd4 Kf5 42. Be3 Kg4 43. e6 Kxh5 44. e7 1-0

[Event "January 9 Early 2024"]
[Site "https://www.chess.com"]
[Date "2024.01.11"]
[Round "3"]
[White "Skatchkov, Valery"]
[Black "Pakleza, Zbigniew"]
[Result "0-1"]
[Board "227"]
[TimeControl "180+1"]
[WhiteFideId "24195812"]
[BlackFideId "1119290"]
[WhiteElo "2599"]
[BlackElo "2861"]
[WhiteTeam "RUS"]
[BlackTeam "POL"]
[WhiteClock "0:00:07"]
[BlackClock "0:00:04"]

1. d4 d6 2. e4 Nf6 3. Nc3 c6 4. Nf3 Bg4 5. Be2 e6 6. O-O d5 7. Bg5 Be7 8. Bxf6 Bxf6 9. e5 Be7 10. h3 Bf5 11. Na4 Nd7 12. b4 Bxb4 13. Rb1 Qa5 14. c3 Bxb1 15. cxb4 Qxb4 16. Qxb1 Qxa4 17. Qxb7 Rd8 18. Bd1 Qb5 19. Qc7 O-O 20. Bc2 Qb6 21. Qd6 c5 22. Qe7 h6 23. Rb1 Qc6 24. Bd3 cxd4 25. Qh4 Rb8 26. Rd1 Nc5 27. Nxd4 Qc7 28. Bf1 Qxe5 29. Nc6 Qg5 30. Qxg5 hxg5 31. Nxb8 Rxb8 32. Rc1 Ne4 33. Rc7 Rb1 34. Rc2 d4 35. g3 Nc3 36. Kg2 Ra1 37. Bc4 g6 38. f4 gxf4 39. gxf4 a5 40. Rd2 Rd1 41. Rc2 Kg7 42. Bb3 Kf6 43. Rxc3 Rd2+ 44. Kf3 dxc3 0-1

[Event "January 9 Early 2024"]
[Site "https://www.chess.com"]
[Date "2024.01.11"]
[Round "3"]
[White "Mushini Ajay"]
[Black "Goltseva, Ekaterina"]
[Result "1-0"]
[Board "228"]
[TimeControl "180+1"]
[WhiteFideId "35066188"]
[BlackFideId "24173770"]
[WhiteElo "2411"]
[BlackElo "2593"]
[WhiteTeam "IND"]
[BlackTeam "RUS"]
[WhiteClock "0:00:15"]
[BlackClock "0:00:04"]

1. c4 e5 2. Nc3 Nf6 3. g3 d5 4. cxd5 Nxd5 5. Bg2 Nb6 6. Nf3 Nc6 7. O-O Bc5 8. d3 O-O 9. Bg5 f6 10. Bd2 Be6 11. Rc1 Be7 12. a3 Nd4 13. Nxd4 exd4 14. Ne4 Nd7 15. b4 c6 16. e3 f5 17. exd4 fxe4 18. dxe4 Nb6 19. Bc3 Nc4 20. d5 cxd5 21. exd5 Bf7 22. Qd4 Bf6 23. Qxc4 Rc8 24. Qb3 Bg5 25. Rcd1 Qc7 26. Ba1 Rfd8 27. Qf3 Qc2 28. d6 Qg6 29. Qxb7 Bf6 30. d7 Rb8 31. Qxa7 Bxa1 32. Rxa1 Qe6 33. Rad1 Qf6 34. Rfe1 Bb3 35. Bd5+ Bxd5 36. Rxd5 Qf7 37. Qxb8 Rxb8 38. d8=Q+ Rxd8 39. Rxd8+ Qf8 40. Rxf8+ Kxf8 41. b5 1-0

[Event "January 9 Early 2024"]
[Site "https://www.chess.com"]
[Date "2024.01.11"]
[Round "3"]
[White "Gavrilov, Maxim"]
[Black "Kislinsky, Alexey"]
[Result "1-0"]
[Board "229"]
[TimeControl "180+1"]
[WhiteFideId "24271454"]
[BlackFideId "14108801"]
[WhiteElo "2456"]
[BlackElo "2736"]
[WhiteTeam "RUS"]
[BlackTeam "CZE"]
[WhiteClock "0:00:13"]
[BlackClock "0:00:16"]

1. d4 Nf6 2. c4 g6 3. Nf3 Bg7 4. g3 O-O 5. Bg2 c6 6. O-O d5 7. Nc3 dxc4 8. a4 a5 9. e3 Na6 10. Ne5 Be6 11. Qe2 Nb4 12. Nxc4 Qc7 13. b3 Bd5 14. e4 Be6 15. Bf4 Qd8 16. Rfd1 Bxc4 17. bxc4 Nh5 18. Be3 Qc7 19. e5 f5 20. f4 e6 21. Rac1 Rad8 22. d5 Bxe5 23. fxe5 Qxe5 24. Qf2 f4 25. gxf4 Nxf4 26. Bxf4 Rxf4 27. Qe2 Qxe2 28. Nxe2 Rf6 29. dxc6 Rxd1+ 30. Rxd1 bxc6 31. Nc3 Rf4 32. Rd8+ Kg7 33. Ne4 Rf7 34. Nc5 e5 35. Rd6 Kh6 36. h4 Kh5 37. Rd7 Rf4 38. Nd3 Rf5 39. Rxh7+ Kg4 40. Kh2 Rf6 41. Nxe5+ Kf4 42. Nd7 Rd6 43. Nf8 Nd3 44. Rf7+ Ke3 45. Rf3+ Kd2 46. Rg3 Nf4 47. c5 Rf6 48. Nd7 Re6 49. Nf8 Rf6 50. Nd7 Re6 51. Nb6 Ke2 52. Bh1 Kf2 53. Rf3+ Ke2 54. Rxf4 1-0

[Event "January 9 Early 2024"]
[Site "https://www.chess.com"]
[Date "2024.01.11"]
[Round "3"]
[White "Kashefi, Amir Hosein"]
[Black "Klekowski, Maciej"]
[Result "0-1"]
[Board "230"]
[TimeControl "180+1"]
[WhiteFideId "12557935"]
[BlackFideId "1132717"]
[WhiteElo "2619"]
[BlackElo "2867"]
[WhiteTeam "IRI"]
[BlackTeam "POL"]
[WhiteClock "0:00:01"]
[BlackClock "0:00:20"]

1. d4 f5 2. g3 g6 3. Bg2 Bg7 4. Nh3 Nf6 5. Nf4 e6 6. h4 d6 7. c4 e5 8. dxe5 dxe5 9. Qxd8+ Kxd8 10. Nd5 c6 11. Nxf6 Bxf6 12. Nc3 Be6 13. b3 Nd7 14. Bg5 Kc7 15. O-O-O Rhf8 16. Rd2 Rf7 17. Rhd1 Re8 18. Nd5+ cxd5 19. cxd5 Bxg5 20. hxg5 e4 21. Rc2+ Kb6 22. f4 Nc5 23. dxe6 Rxe6 24. b4 Na4 25. e3 Rc7 26. Rxc7 Kxc7 27. Rd2 Rc6+ 28. Rc2 Nc3 29. Kd2 Nd5 30. Rxc6+ Kxc6 31. a3 Kb5 32. g4 Ka4 33. gxf5 gxf5 34. Bh3 Ne7 35. Kc3 Kxa3 36. Kc4 b6 37. b5 Kb2 38. Kd4 Kc2 39. Ke5 Kd2 40. Ke6 Kxe3 41. Kxe7 Kxf4 42. Kf6 e3 43. Bf1 Ke4 44. Be2 f4 45. Kg7 f3 0-1

[Event "January 9 Early 2024"]
[Site "https://www.chess.com"]
[Date "2024.01.11"]
[Round "3"]
[White "Lu, Shanglei"]
[Black "Malek, Jan"]
[Result "1-0"]
[Board "231"]
[TimeControl "180+1"]
[WhiteFideId "8603332"]
[BlackFideId "21864080"]
[WhiteElo "2959"]
[BlackElo "2711"]
[WhiteTeam "CHN"]
[BlackTeam "POL"]
[WhiteClock "0:00:19"]
[BlackClock "0:00:03"]

1. e4 c6 2. Nc3 d5 3. Nf3 g6 4. d4 dxe4 5. Nxe4 Nf6 6. Nxf6+ exf6 7. Bc4 Bg7 8. Qe2+ Qe7 9. Qxe7+ Kxe7 10. b3 Be6 11. Ba3+ Kd7 12. Bxe6+ fxe6 13. h4 Na6 14. h5 Nc7 15. O-O-O g5 16. Nd2 Nd5 17. Ne4 b6 18. c4 f5 19. h6 Bf6 20. Nxf6+ Nxf6 21. Kd2 a5 22. Bb2 Ke7 23. f3 a4 24. Kc2 Rhd8 25. Bc1 Rg8 26. Kb2 b5 27. Rde1 Kf7 28. cxb5 cxb5 29. Re5 Nd5 30. g4 f4 31. Bd2 Kf6 32. Rc1 Rgc8 33. Rxc8 a3+ 34. Kc2 Rxc8+ 35. Kd3 b4 36. Re1 Ke7 37. Rh1 Kd6 38. Rh5 Rg8 39. Kc4 Rc8+ 40. Kd3 Rg8 41. Bc1 Ke7 42. Rh2 Rc8 43. Rc2 Rxc2 44. Kxc2 Nc3 45. Bxa3 Nxa2 46. Kb2 bxa3+ 47. Kxa2 Kd6 48. b4 Kd5 49. b5 1-0

[Event "January 9 Early 2024"]
[Site "https://www.chess.com"]
[Date "2024.01.11"]
[Round "3"]
[White "Alinasab, Mobina"]
[Black "Franchini, Gabriele"]
[Result "1-0"]
[Board "232"]
[TimeControl "180+1"]
[WhiteFideId "12528897"]
[BlackFideId "806790"]
[WhiteElo "2545"]
[BlackElo "2239"]
[WhiteTeam "IRI"]
[BlackTeam "ITA"]
[WhiteClock "0:00:08"]
[BlackClock "0:00:01"]

1. Nf3 d5 2. g3 Nd7 3. d4 Nb6 4. Bg2 Bf5 5. O-O Nf6 6. b3 c6 7. Bb2 h6 8. Nbd2 e6 9. c4 Be7 10. Ne5 h5 11. h3 a5 12. a3 O-O 13. Re1 Bh7 14. e4 c5 15. dxc5 Bxc5 16. exd5 exd5 17. cxd5 Nbxd5 18. Ndc4 b5 19. Nd2 Bxf2+ 20. Kxf2 Qb6+ 21. Kf1 Ne3+ 22. Rxe3 Qxe3 23. Bxa8 Rxa8 24. Qf3 Qa7 25. a4 Rd8 26. Rd1 Qc7 27. axb5 Qc2 28. Bc3 Bd3+ 29. Kg1 Qxc3 30. Ndc4 Qd4+ 31. Kh2 Qc3 32. Nxd3 Qxb3 33. Nce5 Qxb5 34. Rc1 a4 35. Qc6 Qb3 36. Qc2 Qb5 37. Rb1 Qd5 38. Re1 a3 39. Nf4 Qa5 40. Re2 Ra8 41. Qa2 Kh8 42. Nxf7+ Kh7 43. Ne5 1-0

[Event "January 9 Early 2024"]
[Site "https://www.chess.com"]
[Date "2024.01.11"]
[Round "3"]
[White "Paravyan, David"]
[Black "Samunenkov, Ihor"]
[Result "1/2-1/2"]
[Board "233"]
[TimeControl "180+1"]
[WhiteFideId "4194985"]
[BlackFideId "14187086"]
[WhiteElo "3011"]
[BlackElo "2761"]
[WhiteTeam "FID"]
[BlackTeam "UKR"]
[WhiteClock "0:00:36"]
[BlackClock "0:00:04"]

1. e4 c6 2. d4 d5 3. e5 Bf5 4. Nd2 e6 5. Nb3 Nd7 6. Nf3 a6 7. Be2 c5 8. c3 c4 9. Nbd2 Ne7 10. O-O Nc6 11. Ne1 h5 12. g3 g6 13. Ng2 Bh3 14. Re1 Bxg2 15. Kxg2 Bh6 16. h4 b5 17. Nf3 Bxc1 18. Qxc1 Qe7 19. Qf4 Rb8 20. Ng5 Nf8 21. b4 Nh7 22. Nxh7 Rxh7 23. a4 Rh8 24. axb5 axb5 25. Ra6 Kd7 26. Rea1 Rhc8 27. R1a3 Rc7 28. Bf3 Rbb7 29. Ra8 Ra7 30. R3xa7 Rxa7 31. Rh8 Ra3 32. g4 hxg4 33. Qxg4 Kc7 34. Rh7 Rxc3 35. Qf4 Nd8 36. h5 gxh5 37. Bxh5 Kb6 38. Bxf7 Nxf7 39. Rxf7 Qe8 40. Qf6 Ra3 41. Re7 Qg8+ 42. Rg7 Qe8 43. Qh6 Ra7 44. Rg6 Re7 45. f4 Qf7 46. Kf3 Qf5 47. Rf6 Qe4+ 48. Kg3 Qe3+ 49. Kg2 Qe2+ 50. Kg3 Qe3+ 51. Kg2 Qe4+ 52. Kg3 Qd3+ 53. Kg2 Qe2+ 54. Kg3 Qe3+ 1/2-1/2

[Event "January 9 Early 2024"]
[Site "https://www.chess.com"]
[Date "2024.01.11"]
[Round "3"]
[White "Rustamov, Rustam"]
[Black "Espinoza Villanueva, Rodrigo"]
[Result "0-1"]
[Board "234"]
[TimeControl "180+1"]
[WhiteFideId "13440110"]
[BlackFideId "5140188"]
[WhiteElo "2900"]
[BlackElo "2611"]
[WhiteTeam "AZE"]
[BlackTeam "MEX"]
[WhiteClock "0:00:07"]
[BlackClock "0:00:12"]

1. e4 c5 2. Nf3 d6 3. d4 cxd4 4. Nxd4 Nf6 5. Nc3 a6 6. a3 e6 7. g4 Be7 8. g5 Nfd7 9. h4 Nc6 10. Be3 Qc7 11. Qd2 b5 12. Nxc6 Qxc6 13. O-O-O Bb7 14. Bd4 O-O 15. h5 Ne5 16. Be2 Nc4 17. Bxc4 Qxc4 18. g6 fxg6 19. hxg6 hxg6 20. Rh8+ Kf7 21. Qf4+ Bf6 22. Rxf8+ Rxf8 23. Bxf6 gxf6 24. Qxd6 Bxe4 25. Kb1 Bf5 26. Qd7+ Kg8 27. Rh1 Rf7 28. Qd8+ Rf8 29. Qd6 g5 30. Qxa6 Qc5 31. Qb7 g4 32. Qg2 Rd8 33. f3 Qe3 34. fxg4 Bg6 35. Rc1 Rd2 36. Qa8+ Kg7 37. Qb7+ Kf8 38. Qc8+ Ke7 39. Nxb5 Be4 40. Qc7+ Rd7 41. Qc3 Qxc3 42. Nxc3 Bf3 43. Rg1 Rd4 44. g5 f5 45. g6 Rg4 46. Rxg4 fxg4 47. Nb5 g3 48. Nd4 Bg4 0-1

[Event "January 9 Early 2024"]
[Site "https://www.chess.com"]
[Date "2024.01.11"]
[Round "3"]
[White "Bardyk, Artem"]
[Black "Buscar, Michael"]
[Result "1-0"]
[Board "235"]
[TimeControl "180+1"]
[WhiteFideId "34349979"]
[BlackFideId "2603616"]
[WhiteElo "2772"]
[BlackElo "2407"]
[WhiteTeam "RUS"]
[BlackTeam "CAN"]
[WhiteClock "0:00:09"]
[BlackClock "0:00:04"]

1. e4 c5 2. c3 Nf6 3. e5 Nd5 4. Nf3 Nc6 5. Bc4 Nb6 6. Bb3 d5 7. exd6 Qxd6 8. O-O c4 9. Bc2 Bg4 10. h3 Bh5 11. b3 Ne5 12. Be4 Nxf3+ 13. Bxf3 Bxf3 14. Qxf3 cxb3 15. axb3 Qd5 16. Qxd5 Nxd5 17. Na3 O-O-O 18. Re1 e6 19. Nc4 Bc5 20. d4 Bb6 21. Nxb6+ axb6 22. Bg5 f6 23. Bd2 Rhe8 24. c4 Nc7 25. Bc3 Kd7 26. Ra7 Kc6 27. Rd1 Ra8 28. Rda1 Rxa7 29. Rxa7 Ra8 30. Rxa8 Nxa8 31. Kf1 b5 32. Ke2 bxc4 33. bxc4 b5 34. Kd3 bxc4+ 35. Kxc4 Nc7 36. Kd3 Kd5 37. Bb4 Nb5 38. Bf8 g6 39. Bg7 f5 40. Ke3 Nd6 41. f3 Nf7 42. h4 Nd6 43. Kf4 Nf7 44. g3 h6 45. g4 fxg4 46. fxg4 1-0

[Event "January 9 Early 2024"]
[Site "https://www.chess.com"]
[Date "2024.01.11"]
[Round "3"]
[White "Sieciechowicz, Marcin"]
[Black "Chernyavsky, Alexander"]
[Result "1-0"]
[Board "236"]
[TimeControl "180+1"]
[WhiteFideId "1130170"]
[BlackFideId "24131156"]
[WhiteElo "2698"]
[BlackElo "2477"]
[WhiteTeam "POL"]
[BlackTeam "RUS"]
[WhiteClock "0:00:03"]
[BlackClock "0:00:01"]

1. d4 Nf6 2. Bf4 g6 3. e3 Bg7 4. Nf3 O-O 5. Be2 d6 6. c3 b6 7. O-O Bb7 8. h3 Nbd7 9. Nbd2 Ne4 10. a4 a5 11. Qc2 e5 12. Nxe4 exf4 13. exf4 Nf6 14. Bd3 Nd5 15. Qd2 Bh6 16. g3 Bg7 17. Rfe1 Qd7 18. Bf1 Bc6 19. b3 Rae8 20. Bg2 f5 21. Neg5 h6 22. Nh4 hxg5 23. fxg5 Rxe1+ 24. Rxe1 Kh7 25. c4 Nb4 26. d5 Bb7 27. Qe2 Bc8 28. Bf3 Qd8 29. Qe7 Bd7 30. Qxd8 Rxd8 31. Re7 Na6 32. g4 Nc5 33. gxf5 gxf5 34. Bh5 Kg8 35. Bg6 Kf8 36. Rf7+ Kg8 37. Re7 Ne4 38. Bxf5 Bxf5 39. Nxf5 Bf8 40. Rxe4 1-0

[Event "January 9 Early 2024"]
[Site "https://www.chess.com"]
[Date "2024.01.11"]
[Round "3"]
[White "Bazzano, Sebastian"]
[Black "Burmakin, Evgeniy"]
[Result "0-1"]
[Board "237"]
[TimeControl "180+1"]
[WhiteFideId "104566"]
[BlackFideId "4163729"]
[WhiteElo "2242"]
[BlackElo "2427"]
[WhiteTeam "ARG"]
[BlackTeam "RUS"]
[WhiteClock "0:00:08"]
[BlackClock "0:00:15"]

1. d4 Nf6 2. Bf4 g6 3. Nc3 d5 4. e3 Bg7 5. h4 h5 6. Nf3 Bg4 7. Be2 Nbd7 8. Ne5 Bxe2 9. Qxe2 Nxe5 10. Bxe5 c6 11. e4 dxe4 12. Nxe4 O-O 13. O-O Qd5 14. Nc3 Qe6 15. Rfe1 Rfe8 16. Rad1 Rad8 17. a3 Nd5 18. Bxg7 Qxe2 19. Rxe2 Nxc3 20. bxc3 Kxg7 21. Rde1 e6 22. Rb1 Re7 23. Re5 f6 24. Ra5 a6 25. f3 Rd5 26. Rxd5 cxd5 27. Kf2 b5 28. Ke3 Rc7 29. Kd3 Rc4 30. Rb4 Kf7 31. Rxc4 bxc4+ 32. Ke3 g5 33. hxg5 fxg5 34. f4 g4 35. a4 h4 36. Kf2 Kf6 37. Ke2 Kf5 38. Ke3 h3 39. gxh3 gxh3 40. Kf3 a5 41. Kg3 h2 42. Kxh2 Kxf4 43. Kg2 Ke3 44. Kg3 Kd2 45. Kf4 Kxc2 46. Ke5 Kxc3 47. Kxe6 Kxd4 0-1